[Event "Senior Men Russian Championship 2022_1L"]
[Site "Olginka, Russia"]
[Date "2022.09.26"]
[Round "3.1"]
[White "Rodin, Mihail"]
[Black "Chudinovskikh, Alexander M"]
[Result "1-0"]
[TimeControl "90min/40moves+30min/end+30sec increment per move starting from move 1"]
[BlackTitle "IM"]
[WhiteFideId "4113160"]
[BlackFideId "4106083"]
[WhiteElo "2320"]
[BlackElo "2074"]

1. e4 e5 2. Nf3 d6 3. d4 exd4 4. Nxd4 Nf6 5. Nc3 Be7 6. g3 Nc6 7. Bg2 Bg4 8. Nxc6 bxc6 9. Qd3 O-O 10.
h3 Be6 11. O-O Nd7 12. f4 Nc5 13. Qe2 Rb8 14. b3 Bf6 15. Bb2 g6 16. Rad1 Re8 17. Qf2 Bg7 18. e5 Rb6 19. Ba3 Qc8 20.
Bxc5 dxc5 21. Na4 Ra6 22. Nxc5 Rxa2 23. Bxc6 Rf8 24. g4 Qb8 25. Bd7 Qb6 26. Nxe6 fxe6 27. Qxb6 axb6 28. Bxe6+ Kh8 29.
Rd2 g5 30. fxg5 Rxf1+ 31. Kxf1 Bxe5 32. Bf5 Bd6 33. Re2 Ra1+ 34. Kg2 Kg7 35. Re6 Rd1 36. Rh6 Bf4 37. Rxh7+ Kg8 38. g6 1-0

[Event "Senior Men Russian Championship 2022_1L"]
[Site "Olginka, Russia"]
[Date "2022.09.26"]
[Round "3.2"]
[White "Kurdakov, Yuri"]
[Black "Dmitriev, Igor"]
[Result "1/2-1/2"]
[TimeControl "90min/40moves+30min/end+30sec increment per move starting from move 1"]
[WhiteTitle "FM"]
[BlackTitle "IM"]
[WhiteFideId "4120493"]
[BlackFideId "4114833"]
[WhiteElo "2085"]
[BlackElo "2174"]

1. Nf3 e6 2. c4 b6 3. g3 Bb7 4. Bg2 Nf6 5. O-O Be7 6. Nc3 O-O 7. d4 Ne4 8. Nxe4 Bxe4 9. d5 Na6 10.
Nd4 Bxg2 11. Kxg2 Nc5 12. Nb3 Bf6 13. Rb1 Qe7 14. Re1 Rfe8 15. f3 exd5 16. cxd5 Nxb3 17. Qxb3 c5 18. e4 d6 19.
Qd3 Qd7 20. Bd2 Qa4 21. Bc3 Bxc3 22. Qxc3 f6 23. a3 Re7 24. Re2 Rae8 25. Rbe1 a5 26. Qd3 Qd7 27. b4 axb4 28. axb4 h6 29.
Qb3 Qb5 30. Rb2 f5 31. bxc5 Qxb3 32. Rxb3 bxc5 33. Rb6 Rd7 34. Kf2 Kf7 35. Rc6 Kf6 36. Rc1 fxe4 37. R1xc5 exf3 38. Kxf3 Ke5 39. Ra5 Kd4 40. Rc2 Rf7+ 41.
Kg2 g5 42. Ra1 Re3 43. Rd2+ Ke5 44. Ra8 Kf6 45. Rd8 Ke7 46. Rh8 Rf6 47. Rf2 Rxf2+ 48. Kxf2 Re5 49. Rxh6 Rxd5 50. Kf3 Re5 51.
h4 gxh4 52. Rxh4 Re4 53. Kxe4 1/2-1/2

[Event "Senior Men Russian Championship 2022_1L"]
[Site "Olginka, Russia"]
[Date "2022.09.26"]
[Round "3.3"]
[White "Kolomensky, Vladimir"]
[Black "Kremenietsky, Anatoly M."]
[Result "1/2-1/2"]
[TimeControl "90min/40moves+30min/end+30sec increment per move starting from move 1"]
[WhiteTitle "FM"]
[BlackTitle "IM"]
[WhiteFideId "4123565"]
[BlackFideId "4103467"]
[WhiteElo "2055"]
[BlackElo "2241"]

1. e4 c5 2. Nf3 Nf6 3. Nc3 Nc6 4. d4 cxd4 5. Nxd4 d6 6. Be2 g6 7. O-O Bg7 8. Nb3 O-O 9. Bg5 a5 10. a4 Be6 11. Kh1 Nd7 12.
Re1 Rc8 13. Be3 Nb4 14. Nd4 Bc4 15. Bxc4 Rxc4 16. Ndb5 Rc6 17. Re2 Nf6 18. Rd2 Qb8 19. f3 b6 20. Nd5 Nbxd5 21. exd5 Rcc8 22.
Qe2 Nd7 23. c4 Rfe8 24. Rad1 Nc5 25. Bxc5 bxc5 26. Re1 Bf6 27. Qd1 Red8 28. Rde2 Rd7 29. f4 Qb7 30. b3 Bh4 31. Rf1 Bf6 32.
Qd2 Ra8 33. Qd3 Kh8 34. Qf3 Rg8 35. Re3 Qb8 36. g3 Qb7 37. h4 Qb8 38. Kg2 Qd8 39. Rh1 h5 40. Rhe1 Rg7 41. Kh2 Qb8 42.
Kg2 Rd8 43. Rh1 Rdg8 44. Rhe1 1/2-1/2

[Event "Senior Men Russian Championship 2022_1L"]
[Site "Olginka, Russia"]
[Date "2022.09.26"]
[Round "3.4"]
[White "Pak, Kil En"]
[Black "Kovalev, Evgeny"]
[Result "1/2-1/2"]
[TimeControl "90min/40moves+30min/end+30sec increment per move starting from move 1"]
[WhiteFideId "4131959"]
[WhiteElo "2207"]
[BlackElo "2048"]

1. c4 e5 2. Nc3 Nf6 3. g3 c6 4. d4 e4 5. d5 Bb4 6. Bg2 Bxc3+ 7. bxc3 d6 8. Nh3 O-O 9. O-O c5 10.
f4 exf3 11. exf3 Nbd7 12. f4 Re8 13. Qd3 Nf8 14. Nf2 Ng6 15. Bd2 Bd7 16. Rfe1 Qa5 17. Ne4 Nxe4 18. Bxe4 1/2-1/2

[Event "Senior Men Russian Championship 2022_1L"]
[Site "Olginka, Russia"]
[Date "2022.09.26"]
[Round "3.5"]
[White "Piankov, Evgenij"]
[Black "Bebchuk, Boris"]
[Result "1/2-1/2"]
[TimeControl "90min/40moves+30min/end+30sec increment per move starting from move 1"]
[WhiteTitle "IM"]
[WhiteFideId "14100525"]
[WhiteElo "2165"]
[BlackElo "2089"]

1. d4 Nf6 2. Nf3 e6 3. g3 b6 4. Bg2 Bb7 5. O-O Be7 6. c4 O-O 7. b3 d5 8. cxd5 exd5 9. Bb2 Re8 10.
Nc3 Bd6 11. Nb5 Bf8 12. Re1 c6 13. Nc3 Nbd7 14. e3 Bd6 15. Rc1 Qe7 16. Nd2 Rad8 17. e4 dxe4 18. Ncxe4 Nd5 19. Nxd6 Qxd6 20.
Nc4 Qf6 21. Rxe8+ Rxe8 22. Ne5 Qd6 23. Nc4 Qe6 24. Ba3 Ba8 25. Nd6 Rd8 26. Qd2 N7f6 27. Re1 Qd7 28. Nc4 h6 29. Ne5 Qf5 30.
Nc4 Qd7 31. Ne5 Qf5 32. Nc4 Qd7 1/2-1/2

[Event "Senior Men Russian Championship 2022_1L"]
[Site "Olginka, Russia"]
[Date "2022.09.26"]
[Round "3.6"]
[White "Savinkov, Viktor"]
[Black "Birjukov, Sergey"]
[Result "0-1"]
[TimeControl "90min/40moves+30min/end+30sec increment per move starting from move 1"]
[BlackTitle "FM"]
[WhiteFideId "4138015"]
[WhiteElo "2068"]
[BlackElo "1867"]

1. c4 e6 2. g3 d5 3. Bg2 Nf6 4. Nf3 Be7 5. O-O O-O 6. b3 c6 7. Bb2 Nbd7 8. Qc2 a5 9. Nc3 Re8 10.
e4 dxe4 11. Nxe4 Nxe4 12. Qxe4 Nc5 13. Qe3 Nd3 14. Bd4 Nb4 15. Qc3 f6 16. a3 e5 17. Bxe5 fxe5 18. axb4 Bxb4 19. Qb2 e4 20.
Nd4 Bg4 21. h3 Bc5 22. Nc2 Be2 23. Rfe1 Qxd2 24. Ra2 Bxf2+ 25. Kh2 Bxe1 26. Nxe1 Qxe1 27. Qxe2 Qxe2 28. Rxe2 e3 0-1

[Event "Senior Men Russian Championship 2022_1L"]
[Site "Olginka, Russia"]
[Date "2022.09.26"]
[Round "3.8"]
[White "Subbotin, Andrey"]
[Black "Nelyubin, Sergey"]
[Result "1/2-1/2"]
[TimeControl "90min/40moves+30min/end+30sec increment per move starting from move 1"]
[WhiteFideId "4196210"]
[BlackFideId "14110490"]
[WhiteElo "1775"]
[BlackElo "1987"]

1. d4 Nf6 2. c4 g6 3. Nc3 Bg7 4. e4 d6 5. f3 O-O 6. Be3 Nc6 7. Nge2 e5 8. d5 Na5 9. Nc1 b6 10.
b4 Nb7 11. Nb3 a5 12. a3 Nh5 13. c5 bxc5 14. bxc5 a4 15. c6 axb3 16. cxb7 Bxb7 17. Qxb3 Bc8 18. a4 f5 19. a5 Bf6 20.
a6 Bh4+ 21. Kd1 fxe4 22. Nxe4 Bf5 23. a7 Bxe4 24. fxe4 Bf2 25. Be2 Bxe3 26. Qxe3 Nf4 27. g3 Nxe2 28. Kxe2 Qd7 29. Rhb1 Qh3 30.
Rb7 Qg2+ 31. Kd3 Rac8 32. Rab1 Qa2 33. R7b2 Qa6+ 34. Kd2 Qa5+ 35. Ke2 Qa6+ 36. Kd2 1/2-1/2

[Event "Senior Men Russian Championship 2022_1L"]
[Site "Olginka, Russia"]
[Date "2022.09.27"]
[Round "4.2"]
[White "Kolomensky, Vladimir"]
[Black "Kurdakov, Yuri"]
[Result "1/2-1/2"]
[TimeControl "90min/40moves+30min/end+30sec increment per move starting from move 1"]
[WhiteTitle "FM"]
[BlackTitle "FM"]
[WhiteFideId "4123565"]
[BlackFideId "4120493"]
[WhiteElo "2055"]
[BlackElo "2085"]

1. e4 e6 2. d4 d5 3. Nd2 a6 4. Bd3 c5 5. dxc5 Bxc5 6. Ngf3 Nf6 7. Qe2 Nc6 8. O-O Qc7 9. c3 Bd6 10.
Re1 dxe4 11. Nxe4 Nxe4 12. Qxe4 Bd7 13. Qh4 Ne5 14. Nxe5 Bxe5 15. Bg5 h6 16. Be3 Bc6 17. f4 Bf6 18.
Qf2 O-O 19. Bb6 Qc8 20. Rad1 Re8 21. Re2 e5 22. fxe5 Rxe5 23. Rxe5 Bxe5 24. Bc4 Bf6 25. Bd4 Qd7 26. Bb3 Bxd4 27.
Rxd4 Qe7 28. Rf4 Rf8 29. h4 Bd7 30. Bd5 Be6 31. Qe3 Qd7 32. Bxe6 fxe6 33. Rxf8+ Kxf8 34. Qf4+ Kg8 35. Qe5 Kf7 36. Qf4+ Kg8 37. Qe5 Kf7 1/2-1/2

[Event "Senior Men Russian Championship 2022_1L"]
[Site "Olginka, Russia"]
[Date "2022.09.27"]
[Round "4.3"]
[White "Kremenietsky, Anatoly M."]
[Black "Kovalev, Evgeny"]
[Result "0-1"]
[TimeControl "90min/40moves+30min/end+30sec increment per move starting from move 1"]
[WhiteTitle "IM"]
[WhiteFideId "4103467"]
[WhiteElo "2241"]
[BlackElo "2048"]

1. d4 Nf6 2. c4 g6 3. Nc3 d5 4. Nf3 Bg7 5. Bg5 Ne4 6. cxd5 Nxg5 7. Nxg5 e6 8. Qa4+ Bd7 9. Qb3 Qxg5 10.
Qxb7 Bxd4 11. Qxa8 O-O 12. Rd1 Qf6 13. Rxd4 Qxd4 14. Qb7 c6 15. e3 Qc5 16. dxe6 Bxe6 17. Be2 Nd7 18. O-O Rb8 19.
Qc7 Rb4 20. a3 Rb3 21. Na4 Qg5 22.
Rd1 Bd5 23. Qg3 Qf5 24. Rc1 Nb6 25. Nc3 Rxb2 26. Nxd5 cxd5 27. Bf1 h5 28. Rc7 Rb1 29. e4 dxe4 30. Rxa7 Qb5 0-1

[Event "Senior Men Russian Championship 2022_1L"]
[Site "Olginka, Russia"]
[Date "2022.09.27"]
[Round "4.4"]
[White "Kiriushin, Vladimir"]
[Black "Pak, Kil En"]
[Result "1-0"]
[TimeControl "90min/40moves+30min/end+30sec increment per move starting from move 1"]
[WhiteFideId "4150848"]
[BlackFideId "4131959"]
[WhiteElo "1954"]
[BlackElo "2207"]

1. c4 e6 2. Nc3 d5 3. d4 Nf6 4. e3 Nbd7 5. Nf3 Be7 6. Bd2 O-O 7. b3 Re8 8. Bd3 dxc4 9. bxc4 c5 10.
O-O cxd4 11. exd4 b6 12. Qc2 Bb7 13.
Ne5 h6 14. Rad1 Nxe5 15. dxe5 Nd7 16. Bf4 Qc7 17. Rfe1 a6 18. Qe2 Nc5 19. Bb1 Bf8 20. Qg4 Kh8 21. Re3 Rad8 22. Rg3 Rxd1+ 23. Nxd1 Rd8 24. Bxh6 Rxd1+ 25. Qxd1 Qxe5 26. Bxg7+ 1-0

[Event "Senior Men Russian Championship 2022_1L"]
[Site "Olginka, Russia"]
[Date "2022.09.27"]
[Round "4.5"]
[White "Birjukov, Sergey"]
[Black "Piankov, Evgenij"]
[Result "0-1"]
[TimeControl "90min/40moves+30min/end+30sec increment per move starting from move 1"]
[WhiteTitle "FM"]
[BlackTitle "IM"]
[BlackFideId "14100525"]
[WhiteElo "1867"]
[BlackElo "2165"]

1. d4 d5 2. Nf3 e6 3. Bf4 f5 4. e3 Nf6 5. Bd3 Be7 6. Nbd2 O-O 7. Ne5 c5 8. c3 Nc6 9. Ndf3 Bd7 10.
O-O Ne4 11. Nxd7 Qxd7 12. Ne5 Nxe5 13. Bxe5 Rac8 14. f3 Nd6 15. Qe2 Nf7 16. Bg3 Bd6 17. Bxd6 Nxd6 18. Rad1 Qc6 19. Rfe1 a6 20.
Rd2 Qb6 21. Qf2 Ne4 22. Bxe4 fxe4 23. f4 cxd4 24. Rxd4 Qa5 25. a3 b5 26. Qd2 Qb6 27. a4 Rc4 28. axb5 axb5 29. Ra1 Rfc8 30.
Rxc4 bxc4 31. f5 d4 32. Qxd4 Qxd4 33. cxd4 exf5 34. Rc1 Kf7 35. Rc3 Rb8 36. Rxc4 Rxb2 37. Rc3 h6 38. h4 Kg6 39.
Kh2 Kh5 40. Kg3 g6 41. Rc1 g5 42. hxg5 hxg5 43. Rc5 Rb3 44. Rxf5 Rxe3+ 45. Kf2 Rd3 46. Rd5 Kg4 47. Rd8 Kf4 48.
Rf8+ Kg4 49. Rd8 Kf5 50. Ke2 Rg3 51. Kf2 Ra3 52. Rf8+ Ke6 53. Rg8 Kd5 54. Rd8+ Kc4 55. d5 g4 56.
g3 Kd3 57. Rb8 e3+ 58. Kg2 Ra2+ 59. Kg1 Ra1+ 60. Kg2 e2 61. Rb3+ Kd4 0-1

[Event "Senior Men Russian Championship 2022_1L"]
[Site "Olginka, Russia"]
[Date "2022.09.27"]
[Round "4.6"]
[White "Chudinovskikh, Alexander M"]
[Black "Rakov, Anatoly"]
[Result "1/2-1/2"]
[TimeControl "90min/40moves+30min/end+30sec increment per move starting from move 1"]
[WhiteTitle "IM"]
[WhiteFideId "4106083"]
[BlackFideId "4178793"]
[WhiteElo "2074"]
[BlackElo "1877"]

1. e4 d6 2. d4 c6 3. Nf3 h6 4. Bc4 Nf6 5. e5 dxe5 6. Nxe5 e6 7. O-O Nbd7 8. Nf3 Bd6 9. c3 O-O 10.
Re1 Qc7 11. Qe2 b5 12. Bb3 Re8 13. Ne5 Nf8 14. Nd2 Bb7 15. Ndf3 a6 16. a4 Rac8 17. Bf4 Nh5 18. Bd2 Nf6 19.
Rad1 Qb6 20. Bc2 c5 21. dxc5 Bxc5 22. axb5 axb5 23. Bd3 Rb8 24. b4 Bd6 25. Be3 Qc7 26. Bd4 Red8 27. Bxb5 Nd5 28.
Qd2 f6 29. Nd3 e5 30. Bc5 Bxc5 31. bxc5 Kh8 32. Qc2 Nxc3 33. Qxc3 Bxf3 34. Rb1 Bd5 35. h3 e4 36. Nb4 Rxb5 37.
Nxd5 Rxc5 38. Nxc7 Rxc3 39. Rb7 f5 40. Ra1 Rc2 41. Nb5 Ne6 42. Na3 Re2 43. Nc4 f4 44. Re7 Nd4 45. Ne5 Kg8 46.
Ng6 e3 47. fxe3 Rxe3 48. Raa7 Rxe7 49. Rxe7 f3 50. gxf3 1/2-1/2

[Event "Senior Men Russian Championship 2022_1L"]
[Site "Olginka, Russia"]
[Date "2022.09.27"]
[Round "4.8"]
[White "Bebchuk, Boris"]
[Black "Ananchenko, Igor"]
[Result "1-0"]
[TimeControl "90min/40moves+30min/end+30sec increment per move starting from move 1"]
[BlackFideId "4128800"]
[WhiteElo "2089"]
[BlackElo "1974"]

1. d4 Nf6 2. c4 g6 3. Nc3 Bg7 4. e4 O-O 5. Be2 d6 6. Nf3 e5 7. O-O Nc6 8. d5 Ne7 9. Ne1 Nd7 10.
Be3 f5 11. f3 f4 12. Bf2 g5 13. Nd3 Nf6 14. c5 Rf7 15. Rc1 Ng6 16. Nb5 Bd7 17. Nxa7 Rxa7 18. c6 bxc6 19. dxc6 Be6 20.
Bxa7 g4 21. Nc5 Qa8 22. Nxe6 gxf3 23. gxf3 Qxa7+ 24. Kh1 Kh8 25. Bc4 Bh6 26. Rc3 Re7 27. Qb3 Qa8 28. Qb7 Qg8 29. Nxf4 Qg7 30.
Nxg6+ Qxg6 31. Qc8+ Re8 32. Qh3 Bg5 33. Rg1 d5 34. Bxd5 Nxd5 35. exd5 Qf6 36. d6 Qxd6 37. Rxg5 Qf6 38.
Qf5 Qd6 39. Rd3 Qh6 40. Rd7 1-0

[Event "Senior Men Russian Championship 2022_1L"]
[Site "Olginka, Russia"]
[Date "????.??.??"]
[Round "5.1"]
[White "Rodin, Mihail"]
[Black "Kolomensky, Vladimir"]
[Result "1-0"]
[TimeControl "90min/40moves+30min/end+30sec increment per move starting from move 1"]
[BlackTitle "FM"]
[WhiteFideId "4113160"]
[BlackFideId "4123565"]
[WhiteElo "2320"]
[BlackElo "2055"]

1. e4 c5 2. Nf3 e6 3. d4 cxd4 4. Nxd4 a6 5. Bd3 g6 6. Be3 Bg7 7. Qd2 Ne7 8. Nc3 d5 9. exd5 Nxd5 10.
Nxd5 Qxd5 11. O-O Nd7 12. Be2 O-O 13. Rfd1 Ne5 14. Qc1 Qa5 15. Bh6 Rd8 16. Bxg7 Kxg7 17. b4 Qc7 18. c4 Bd7 19.
h4 Ba4 20. Rd2 Qe7 21. Qa3 Qxh4 22. g3 Qf6 23. Qxa4 Nc6 24. Nxe6+ fxe6 25. Rad1 Nd4 26. Kg2 e5 27. c5 e4 28.
Re1 Kh8 29. Qd1 Nf3 30. Bxf3 exf3+ 31. Kg1 Rxd2 32. Qxd2 Rd8 33. Qe3 h5 34. Qe4 Qf7 35. Re3 Rf8 36. a4 Kh7 37. b5 axb5 38.
axb5 Qd7 39. Qe7+ Rf7 40. Qxd7 Rxd7 41. Rxf3 Rd1+ 42. Kg2 Rc1 43. Rf7+ Kh6 44. Rc7 Kg5 45. Kf3 Kf5 46. Ke3 g5 47.
b6 h4 48. gxh4 gxh4 49. Kd2 Rc4 50. Kd3 Rc1 51. Rxb7 Rxc5 52. Rb8 h3 53. Rh8 Ke4+ 54. Kxe4 1-0

[Event "Senior Men Russian Championship 2022_1L"]
[Site "Olginka, Russia"]
[Date "????.??.??"]
[Round "5.2"]
[White "Kovalev, Evgeny"]
[Black "Dmitriev, Igor"]
[Result "1-0"]
[TimeControl "90min/40moves+30min/end+30sec increment per move starting from move 1"]
[BlackTitle "IM"]
[BlackFideId "4114833"]
[WhiteElo "2048"]
[BlackElo "2174"]

1. d4 a6 2. g3 d5 3. Bg2 Nc6 4. Nf3 Bg4 5. Bf4 e6 6. Nbd2 Nf6 7. O-O Be7 8. c3 h6 9. b4 O-O 10.
a4 Nh5 11. Nb3 Nxf4 12. gxf4 Bxf3 13. Bxf3 Bd6 14. e3 Qh4 15. Kh1 a5 16. b5 Ne7 17. Qe2 c6 18. Rg1 Rfc8 19. b6 Kf8 20.
Nc1 c5 21. Nd3 cxd4 22. cxd4 Rc6 23. Ne5 Bxe5 24. fxe5 Nf5 25. Rgc1 Rxb6 26. Rab1 Rxb1 27. Rxb1 Rb8 28. Qc2 Qd8 29.
Bg4 Ne7 30. f4 g6 31. Kg2 Kg7 32. Rb5 h5 33. Bh3 b6 34. Kf3 Rc8 35. Qb2 Rc6 36. Qg2 Qc7 37. Rb2 Rc3 38. Rd2 Kh7 39.
Qg5 Ng8 40. f5 exf5 41. Bxf5 Qc4 42. e6 Qf1+ 43. Rf2 Qh1+ 44. Rg2 Qf1+ 45. Rf2 Qd1+ 46. Kf4 Rxe3 47. Kxe3 Qc1+ 48. Rd2 Nh6 49.
exf7 Nxf5+ 50. Qxf5 gxf5 51. f8=Q Qe1+ 52. Re2 Qg1+ 53. Kd3 Qd1+ 54. Rd2 Qf1+ 55. Kc2 1-0

[Event "Senior Men Russian Championship 2022_1L"]
[Site "Olginka, Russia"]
[Date "????.??.??"]
[Round "5.4"]
[White "Kurdakov, Yuri"]
[Black "Kiriushin, Vladimir"]
[Result "1-0"]
[TimeControl "90min/40moves+30min/end+30sec increment per move starting from move 1"]
[WhiteTitle "FM"]
[WhiteFideId "4120493"]
[BlackFideId "4150848"]
[WhiteElo "2085"]
[BlackElo "1954"]

1. c4 e5 2. Nc3 Nf6 3. g3 d5 4. cxd5 Nxd5 5. Bg2 Be6 6. Nf3 Nc6 7. d3 Be7 8. O-O O-O 9. a3 Rb8 10.
Bd2 f6 11. Rc1 Nxc3 12. Bxc3 Qd7 13. Re1 Rfd8 14. Qc2 Bd5 15. b4 a6 16. Qb2 Na7 17. e4 Bf7 18. d4 exd4 19. Nxd4 Nb5 20.
Nxb5 Qxb5 21. e5 Qb6 22. exf6 Bxf6 23.
Bxf6 gxf6 24. Re7 c5 25. Qc2 c4 26. Bf1 Rbc8 27. Rxf7 Kxf7 28. Qxh7+ Kf8 29. Bxc4 Rxc4 30. Rxc4 Rd1+ 31.
Kg2 Qe6 32. Qh8+ Ke7 33. Rc7+ Rd7 34. Qg7+ Kd6 35. Rxd7+ Kd5 1-0

[Event "Senior Men Russian Championship 2022_1L"]
[Site "Olginka, Russia"]
[Date "????.??.??"]
[Round "5.6"]
[White "Norkin, Yaks"]
[Black "Chudinovskikh, Alexander M"]
[Result "0-1"]
[TimeControl "90min/40moves+30min/end+30sec increment per move starting from move 1"]
[BlackTitle "IM"]
[WhiteFideId "24216984"]
[BlackFideId "4106083"]
[WhiteElo "1686"]
[BlackElo "2074"]

1. e4 g6 2. d4 Bg7 3. Nf3 c6 4. c4 d5 5. cxd5 cxd5 6. e5 Nc6 7. Be2 Bg4 8. O-O e6 9. Nc3 Nge7 10.
Qa4 O-O 11. Rd1 a6 12. h3 Bxf3 13. Bxf3 Nf5 14. Ne2 f6 15. exf6 Qxf6 16. Be3 Nh4 17. Bg4 h5 18. g3 hxg4 19. gxh4 gxh3 20. Bf4 Qxh4 21. Bg3 Qe4 22. Kf1 h2 23. Bxh2 Qg2+ 24. Bg3 0-1

[Event "Senior Men Russian Championship 2022_1L"]
[Site "Olginka, Russia"]
[Date "????.??.??"]
[Round "5.7"]
[White "Rakov, Anatoly"]
[Black "Okunev, Nikolai"]
[Result "1-0"]
[TimeControl "90min/40moves+30min/end+30sec increment per move starting from move 1"]
[WhiteFideId "4178793"]
[BlackFideId "24131911"]
[WhiteElo "1877"]
[BlackElo "1935"]

1. d4 Nf6 2. Bf4 e6 3. e3 c5 4. c3 cxd4 5. exd4 Nc6 6. Nd2 d5 7. Bd3 Bd6 8. Bg3 Bxg3 9. hxg3 e5 10.
dxe5 Nxe5 11. Qe2 O-O 12. Bxh7+ Nxh7 13. Qh5 f6 14. Qxh7+ Kf7 15. O-O-O Ng6 16. Qh2 d4 17. Nb3 Rh8 18.
Nh3 d3 19. Qg1 Be6 20. Nc5 Bc4 21. Nf4 Rxh1 22. Qxh1 Nxf4 23. gxf4 Qd6 24. Qh5+ Kg8 25. Qf5 Rd8 26. Rd2 Qe7 27.
Ne4 Bxa2 28. f3 Rd5 29. Qc8+ Kf7 30. g4 Bb3 31. Rh2 Rd8 32. Qf5 Kf8 33. Rh8+ Bg8 34. Kd2 b6 35. g5 Qf7 36.
gxf6 g6 37. Qe5 Re8 38. Qd6+ 1-0

[Event "Senior Men Russian Championship 2022_1L"]
[Site "Olginka, Russia"]
[Date "????.??.??"]
[Round "5.8"]
[White "Savinkov, Viktor"]
[Black "Kremenietsky, Anatoly M."]
[Result "0-1"]
[TimeControl "90min/40moves+30min/end+30sec increment per move starting from move 1"]
[BlackTitle "IM"]
[WhiteFideId "4138015"]
[BlackFideId "4103467"]
[WhiteElo "2068"]
[BlackElo "2241"]

1. c4 Nf6 2. g3 g6 3. Bg2 Bg7 4. Nc3 O-O 5. Rb1 c5 6. a3 Nc6 7. b4 d6 8. bxc5 dxc5 9. Bxc6 bxc6 10.
Qa4 Qc7 11. d3 e5 12. Be3 Re8 13. Bxc5 e4 14. Nxe4 Rxe4 15. dxe4 Nxe4 16. Bb4 Bc3+ 17. Bxc3 Nxc3 18. Qb4 Nxb1 19.
Qxb1 Rb8 20. Qa2 Qa5+ 21. Kf1 Qc3 22. Kg2 Qc1 23. a4 Rb1 24. h3 Be6 25. a5 Bxc4 26. Qa4 Qf1+ 27. Kf3 Bxe2+ 28. Nxe2 Qxh1+ 29. Ke3 Qd5 30. Nf4 Re1+ 31. Kd4 0-1

[Event "Senior Men Russian Championship 2022_1L"]
[Site "Olginka, Russia"]
[Date "2022.09.29"]
[Round "6.1"]
[White "Piankov, Evgenij"]
[Black "Rodin, Mihail"]
[Result "0-1"]
[TimeControl "90min/40moves+30min/end+30sec increment per move starting from move 1"]
[WhiteTitle "IM"]
[WhiteFideId "14100525"]
[BlackFideId "4113160"]
[WhiteElo "2165"]
[BlackElo "2320"]

1. d4 d5 2. c4 e6 3. Nc3 c6 4. Nf3 Nf6 5. Bg5 dxc4 6. a4 b5 7. axb5 cxb5 8. Nxb5 Qb6 9. Nc3 Qxb2 10.
Qc1 Qxc1+ 11. Rxc1 Nbd7 12. Bd2 Nd5 13. e3 Ba3 14. Rb1 Bb4 15. Rc1 Rb8 16. Na2 Ba3 17. Rxc4 Rb1+ 18. Nc1 N7b6 19.
Rc2 O-O 20. Bd3 Nb4 21. Bxb4 Bxb4+ 22. Ke2 Ra1 23. Ra2 Rxa2+ 24. Nxa2 Bd6 25. Nc3 Bd7 26. Ra1 Bb4 27. Ne4 a5 28.
Ne5 Rc8 29. Nxd7 Nxd7 30. Ra2 Nb6 31. Rc2 Ra8 32. Nc3 a4 33. Na2 Bf8 34. e4 a3 35. Bb5 g6 36. Rc6 Rb8 37. Kd3 Nd5 38.
exd5 Rxb5 39. dxe6 fxe6 40. Rxe6 Rb3+ 41. Nc3 a2 42. Re1 Bb4 43. Kc4 Bxc3 44. Kxb3 Bxe1 0-1

[Event "Senior Men Russian Championship 2022_1L"]
[Site "Olginka, Russia"]
[Date "2022.09.29"]
[Round "6.2"]
[White "Kovalev, Evgeny"]
[Black "Kurdakov, Yuri"]
[Result "1/2-1/2"]
[TimeControl "90min/40moves+30min/end+30sec increment per move starting from move 1"]
[BlackTitle "FM"]
[BlackFideId "4120493"]
[WhiteElo "2048"]
[BlackElo "2085"]

1. d4 e6 2. g3 d5 3. Nf3 Nf6 4. Bg2 Be7 5. c4 O-O 6. O-O dxc4 7. Qc2 a6 8. a4 b6 9. Qxc4 Bb7 10.
Nc3 b5 11. Qb3 b4 12. a5 Nbd7 13. Na4 Bd5 14. Qc2 Be4 15. Qc4 Bd5 16. Qc2 Be4 1/2-1/2

[Event "Senior Men Russian Championship 2022_1L"]
[Site "Olginka, Russia"]
[Date "2022.09.29"]
[Round "6.5"]
[White "Kremenietsky, Anatoly M."]
[Black "Kidanov, Viktor"]
[Result "1-0"]
[TimeControl "90min/40moves+30min/end+30sec increment per move starting from move 1"]
[WhiteTitle "IM"]
[WhiteFideId "4103467"]
[BlackFideId "4147286"]
[WhiteElo "2241"]
[BlackElo "1611"]

1. d4 Nf6 2. Nf3 e6 3. c4 d5 4. g3 c6 5. Qc2 Bb4+ 6. Bd2 Bxd2+ 7. Nbxd2 Qa5 8. Bg2 O-O 9. O-O Nbd7 10.
e4 Qd8 11. Rfd1 Rb8 12. Ne5 Qc7 13. Nd3 Qb6 14. c5 Qc7 15. e5 Ne8 16. b4 b5 17. Nb3 g6 18. f4 Ng7 19. g4 Ra8 20.
a4 Rb8 21. Qd2 a6 22. Rf1 f5 23. g5 Kf7 24. axb5 Rxb5 25. Ra4 Nb8 26. Rfa1 Rh8 27. Nf2 Qd8 28. Bf1 h5 29. Bxb5 cxb5 30.
R4a3 Nc6 31. Rxa6 Bxa6 32. Rxa6 Qc8 33. Rb6 Qd7 34. Na5 Nd8 35. Qd3 Re8 36. Qxb5 Qc7 37. Nb7 Re7 38. Nd6+ Kg8 39.
Rb8 Kh7 40. Qb6 Qxb6 41. Rxb6 h4 42. b5 1-0

[Event "Senior Men Russian Championship 2022_1L"]
[Site "Olginka, Russia"]
[Date "2022.09.29"]
[Round "6.6"]
[White "Dmitriev, Igor"]
[Black "Pak, Kil En"]
[Result "1/2-1/2"]
[TimeControl "90min/40moves+30min/end+30sec increment per move starting from move 1"]
[WhiteTitle "IM"]
[WhiteFideId "4114833"]
[BlackFideId "4131959"]
[WhiteElo "2174"]
[BlackElo "2207"]

1. c4 e6 2. g3 d5 3. Nf3 Nf6 4. Bg2 Be7 5. O-O O-O 6. Re1 Nbd7 7. Qc2 b6 8. cxd5 Nxd5 9. a3 Bb7 10.
d3 c5 11. e4 Nc7 12. Nbd2 Rc8 13. Nc4 Nb8 14. Bd2 Nc6 15. a4 Na6 16. Qb3 Nab4 17. Bf1 Bf6 18. Bc3 Bd4 19. Rad1 Ba6 20.
Bxb4 Nxb4 21. Bg2 Nc6 22. e5 Bxc4 23. dxc4 Qc7 24. Nxd4 Nxd4 25. Qd3 a5 26. Qe4 Rcd8 27. h4 Qe7 28.
Bf1 Rd7 29. Bd3 g6 30. Qe3 Rfd8 31. Be4 Qe8 32. Kg2 Nf5 33. Qb3 Rxd1 34. Rxd1 Rxd1 35. Qxd1 Nd4 36. f4 Kf8 37. h5 Qd8 38.
Kh3 Kg7 39. Kg4 Qd7 40. Kg5 Qd8+ 41. Kg4 Kf8 42. Kh3 Kg7 43. Kg4 Qd7 44. Kg5 Qd8+ 1/2-1/2

[Event "Senior Men Russian Championship 2022_1L"]
[Site "Olginka, Russia"]
[Date "2022.09.29"]
[Round "6.7"]
[White "Kiriushin, Vladimir"]
[Black "Kolomensky, Vladimir"]
[Result "0-1"]
[TimeControl "90min/40moves+30min/end+30sec increment per move starting from move 1"]
[BlackTitle "FM"]
[WhiteFideId "4150848"]
[BlackFideId "4123565"]
[WhiteElo "1954"]
[BlackElo "2055"]

1. d4 Nf6 2. c4 e6 3. Nf3 Bb4+ 4. Bd2 Qe7 5. g3 Nc6 6. Bg2 Bxd2+ 7. Nbxd2 d6 8. O-O e5 9. e3 O-O 10. d5 Nb8 11. Qc2 a5 12. Nb1 Na6 13. Nc3 Bd7 14. a3 c6 15. Rfe1 cxd5 16. cxd5 Rfc8 17. Rac1 b5 18. Qb3 Nc5 19. Qd1 e4 20. Nd4 Nd3 21. Qb3 b4 22. axb4 axb4 23. Nc6 Be6 24. Nxe4 Nxc1 25. Rxc1 Bd7 26. Nxf6+ Qxf6 27. Ne7+ Qxe7 0-1